[Event "AUT Bundesliga 2024-25"]
[Site "Austria"]
[Date "2025.04.05"]
[Round "10.18"]
[White "Haba, Petr"]
[Black "Ivanisevic, Ivan"]
[Result "*"]
[Annotator "TA"]
[ECO "C45"]
[WhiteElo "2413"]
[BlackElo "2527"]
[PlyCount "43"]
[EventDate "2024.08.28"]
[EventType "team-tourn"]
[EventCountry "AUT"]
[SourceTitle "playchess.com"]
[Source "ChessBase"]
[SourceQuality "1"]
[TimeControl "40/5400+30:1800+30"]

1. e4 e5 2. Nf3 Nc6 3. d4 exd4 4. Nxd4 Bc5 5. Nb3 Bb6 6. Nc3 a5 {[%emt 0:00:09] 6...d6 gains popularity. C45: Scotch Game.} 7. Bb5 Nf6 8. Bg5 a4 $146 (8... h6 9. Bh4 O-O 10. O-O d6 11. Bxc6 bxc6 12. Nd4 Bd7 13. Qd3 Qe7 14. Rfe1 Qe5 15. Nf3 {1-0 Preotu,R (2488)-Vrolijk,L (2408) Titled Tuesday intern op 2nd Jan blitz 2018 (6)}) 9. Bxa4 ({Don't play} 9. Nxa4 Bxf2+ 10. Kf1 h6 $17) (9. Nd2 $1 $14) 9... Rxa4 $11 10. Nxa4 Bxf2+ 11. Kxf2 Nxe4+ 12. Kg1 Nxg5 13. Qe1+ (13. h4 $5 Ne6 $8 14. Nac5 $11) 13... Ne6 {[%emt 0:00:20][%mdl 1024] Black has compensation.} 14. h3 O-O 15. Kh2 d6 16. Rf1 Bd7 (16... f5 $5) 17. Nc3 Ne5 18. Rd1 Ng5 (18... Nc4 {should be considered.}) 19. Qg3 h6 {[%emt 0:01:26] [#]} 20. Nc5 $1 Bc8 (20... Bc6 21. Nd3) 21. Nd3 Ng6 {[%emt 0:06:38] Mistake:       	White=1     	Black=2      Inaccurate:     	White=2     	Black=1      OK:         	White=4     	Black=4      Best:        	---       	Black=1} 22. Nf4 {[%emt 0:01:38] Weighted Error Value: White=0.13 (very precise) /Black=0.19 (very precise)} *

[Event "AUT Bundesliga 2024-25"]
[Site "Austria"]
[Date "2025.04.05"]
[Round "10.19"]
[White "Nisipeanu, Liviu-Dieter"]
[Black "Karthik Venkataraman"]
[Result "*"]
[Annotator "TA"]
[ECO "B52"]
[WhiteElo "2579"]
[BlackElo "2565"]
[PlyCount "35"]
[EventDate "2024.08.28"]
[EventType "team-tourn"]
[EventCountry "AUT"]
[SourceTitle "playchess.com"]
[Source "ChessBase"]
[SourceQuality "1"]
[TimeControl "40/5400+30:1800+30"]

1. e4 c5 2. Nf3 d6 3. Bb5+ Bd7 4. c4 Nf6 5. Nc3 g6 6. d4 {[%emt 0:01:09] B52: Sicilian: Moscow Variation with 3...Bd7.} cxd4 7. Nxd4 Nc6 8. h3 {[%emt 0:05:03] White has an edge.} Nxd4 {[%emt 0:00:13] is more profitable than 8...Bg7 at the moment.} 9. Bxd7+ Qxd7 10. Qxd4 Bg7 11. O-O O-O 12. Qd3 Qc6 13. Bd2 Nd7 14. Qe2 $5 $146 {[%emt 0:07:56][%mdl 8] New and interesting.} (14. Nd5 $5 Rfe8 15. Bc3 $15) (14. b3 Nc5 15. Qe3 Bxc3 16. Bxc3 Qxe4 17. Qh6 e5 18. Rad1 Ne6 19. f3 Qf5 20. Rxd6 {½-½ Deac,B (2700)-Warmerdam,M (2638) EU-chT 24th Budva 2023 (4.2)}) 14... e6 ({Better is} 14... Rfc8 $15) 15. Rac1 $14 {[%emt 0:02:42] White is slightly better.} a6 16. b3 Rfe8 17. Rfd1 Ne5 {[%emt 0:04:19] Mistake:       	---       	Black=1      Inaccurate:     	White=1     	---        OK:         	White=4     	Black=6} 18. Be3 {[%emt 0:02:09] Weighted Error Value: White=0.07 (flawless) /Black=0.16 (very precise)} *

[Event "AUT Bundesliga 2024-25"]
[Site "Austria"]
[Date "2025.04.05"]
[Round "10.20"]
[White "Pajeken, Jakob Leon"]
[Black "Michalik, Peter"]
[Result "*"]
[Annotator "TA"]
[ECO "D36"]
[WhiteElo "2435"]
[BlackElo "2563"]
[PlyCount "37"]
[EventDate "2024.08.28"]
[EventType "team-tourn"]
[EventCountry "AUT"]
[SourceTitle "playchess.com"]
[Source "ChessBase"]
[SourceQuality "1"]
[TimeControl "40/5400+30:1800+30"]

1. d4 Nf6 2. Nf3 e6 3. c4 d5 4. Nc3 h6 5. cxd5 exd5 6. Bf4 Bd6 7. Be5 c6 8. e3 Qe7 9. Bd3 O-O 10. Qc2 Nbd7 11. Bxd6 Qxd6 12. O-O Re8 13. Rac1 {[%emt 0:10:23] D36: Queen's Gambit Declined: Exchange Variation: Main line (5 Bg5 c6 6 Qc2).} Qe7 14. Rfe1 Ne4 15. Nd2 {[%emt 0:04:37] White has an edge.} Ndf6 16. f3 Nxd2 17. Qxd2 Be6 18. Bb1 $146 (18. Rcd1 Rad8 19. Bc2 c5 20. dxc5 Qxc5 21. Qd4 Qa5 22. Ba4 Bd7 23. Bb3 Bc6 24. Re2 Rd7 25. Red2 Rde7 26. Nxd5 Nxd5 27. Bxd5 Bxd5 28. Qxd5 Qxd5 29. Rxd5 {½-½ Radzimski,A (2224)-Mouhamad,J (2269) Budapest SixDays 03 IM 2024 (6)}) 18... Red8 {[%emt 0:13:52] OK:         	White=1     	Black=2} 19. Qc2 {[%emt 0:05:04] Weighted Error Value: White=0.02 (flawless) /Black=0.04 (flawless)} *

[Event "AUT Bundesliga 2024-25"]
[Site "Austria"]
[Date "2025.04.05"]
[Round "10.21"]
[White "Lanka, Zigurds"]
[Black "Janzelj, Tim"]
[Result "1-0"]
[Annotator "RC"]
[ECO "A10"]
[WhiteElo "2326"]
[BlackElo "2404"]
[PlyCount "177"]
[EventDate "2024.08.28"]
[EventType "team-tourn"]
[EventCountry "AUT"]
[SourceTitle "playchess.com"]
[Source "ChessBase"]
[SourceQuality "1"]
[TimeControl "40/5400+30:1800+30"]

1. Nf3 f5 2. g3 Nf6 3. Bg2 e6 4. c4 d5 5. O-O Bd6 6. d3 O-O 7. Nc3 dxc4 8. dxc4 Nc6 9. e4 e5 10. exf5 Bxf5 11. h3 Bc5 12. Nd5 Kh8 13. Nh4 Be6 14. Be3 Nd4 15. Rc1 c6 16. Nxf6 Qxf6 17. Kh1 Rad8 18. Qh5 Bf7 19. Qg4 Ne6 20. Rcd1 Bd4 21. b3 a5 22. Bc1 h5 23. Qf3 Be8 24. Qxf6 Rxf6 25. Nf3 Bg6 26. Ba3 Rf7 27. Rd2 Be4 28. Nxd4 Bxg2+ 29. Kxg2 Rxd4 30. Re2 e4 31. Bb2 Rd3 32. Rxe4 Nf8 33. Rh4 Kg8 34. Rxh5 a4 35. bxa4 Rd2 36. Bc1 Rxa2 37. Ra5 Nd7 38. Be3 Nf6 39. Re5 Rxa4 40. Rc1 Nd7 41. Re6 Ra2 42. g4 Re2 43. Rd6 Ne5 44. Rd4 g5 45. Rcd1 Kh7 46. c5 Rc2 47. Rd8 Nc4 48. Bd4 Re2 49. Ra1 Rf4 50. Ra7 Re7 51. Raa8 Ne5 52. Be3 Ng6 53. Bxf4 Nxf4+ 54. Kf1 Ng6 55. Ra7 Kh6 56. Rb8 Re5 57. Rbxb7 Nf4 58. Rh7+ Kg6 59. Rag7+ Kf6 60. Rf7+ Kg6 61. Rhg7+ Kh6 62. h4 gxh4 63. Rg8 Nd3 64. Rf5 Re1+ 65. Kg2 Kh7 66. Rd8 Rd1 67. Rd6 Kg7 68. Kh2 Rd2 69. Rdf6 Nxc5 70. Rxc6 Ne4 71. Rc7+ Kg6 72. Rcf7 Rd1 73. Re7 Ng5 74. Re8 Kh6 75. Ree5 Nh7 76. Rh5+ Kg6 77. Re6+ Kf7 78. Ra6 Nf8 79. Rxh4 Rd7 80. Rh5 Kg7 81. Rg5+ Kf7 82. Rga5 Rd2 83. Rf5+ Ke7 84. Kg3 Nd7 85. g5 Rd1 86. g6 Nb8 87. Rf7+ Ke8 88. Re6+ Kd8 89. g7 1-0

[Event "AUT Bundesliga 2024-25"]
[Site "Austria"]
[Date "2025.04.05"]
[Round "10.22"]
[White "Sebenik, Matej"]
[Black "Maiwald, Jens-Uwe"]
[Result "*"]
[Annotator "TA"]
[ECO "E52"]
[WhiteElo "2491"]
[BlackElo "2423"]
[PlyCount "36"]
[EventDate "2024.08.28"]
[EventType "team-tourn"]
[EventCountry "AUT"]
[SourceTitle "playchess.com"]
[Source "ChessBase"]
[SourceQuality "1"]
[TimeControl "40/5400+30:1800+30"]

1. d4 Nf6 2. c4 e6 3. Nc3 Bb4 4. Nf3 b6 5. e3 Bb7 6. Bd3 O-O 7. O-O d5 8. cxd5 exd5 9. Ne5 Bd6 {[%emt 0:03:12] is recently more successful than 9...Nbd7.} 10. f4 c5 11. Qf3 Nc6 {[%emt 0:02:28][%cal Bb8c6,Bc6b4,Bb4a6][%mdl 32] E52: Nimzo-Indian: Rubinstein: 4...0-0 5 Nf3 d5 6 Bd3 b6.} 12. Qh3 {[%emt 0:00:05][%cal Oc3d5] [#] and Nxd5! should not be overlooked} Nb4 {[%emt 0:15:32] A sharp opening} 13. Bb1 Ne4 14. dxc5 $146 (14. a3 $5 Na6 $8 15. Ba2 $11) (14. a3 Na6 15. b3 Nc7 16. Bb2 cxd4 17. exd4 f5 18. b4 Rc8 19. Nd1 Ne6 20. Ne3 {0-1 Letic,S-Miettinen,R FIN jub10-A corr7174 1971}) 14... Bxe5 {[%emt 0:05:01] Black sacrificed a pawn} 15. fxe5 Qe7 (15... bxc5 $11 16. Rd1 Bc8) 16. a3 $16 Na6 {[%emt 0:00:19] [#]} 17. b4 bxc5 $1 $11 18. Bb2 {[%emt 0:00:23] Mistake:       	White=1     	Black=1      OK:         	White=5     	Black=3      Strong:       	---       	Black=1} cxb4 {[%emt 0:07:39] Weighted Error Value: White=0.15 (very precise) /Black=0.14 (very precise)} *

[Event "AUT Bundesliga 2024-25"]
[Site "Austria"]
[Date "2025.04.05"]
[Round "10.24"]
[White "Diermair, Andreas"]
[Black "Tabernig, Bernhard"]
[Result "1-0"]
[Annotator "RC"]
[ECO "A06"]
[WhiteElo "2445"]
[BlackElo "2262"]
[PlyCount "81"]
[EventDate "2024.08.28"]
[EventType "team-tourn"]
[EventCountry "AUT"]
[SourceTitle "playchess.com"]
[Source "ChessBase"]
[SourceQuality "1"]
[TimeControl "40/5400+30:1800+30"]

1. Nf3 d5 2. e3 c5 3. b3 Nc6 4. Bb2 Nf6 5. Bb5 e6 6. Ne5 Qc7 7. O-O Bd6 8. f4 Bd7 9. Ng4 d4 10. Na3 h5 11. Nxf6+ gxf6 12. Be2 a6 13. Nc4 h4 14. c3 b5 15. Nxd6+ Qxd6 16. cxd4 cxd4 17. Bf3 Rc8 18. Rc1 Ke7 19. a3 e5 20. b4 a5 21. bxa5 Nxa5 22. Rxc8 Rxc8 23. fxe5 fxe5 24. exd4 Nc4 25. Bc3 Ne3 26. dxe5 Qxa3 27. dxe3 Rxc3 28. Bd5 Be8 29. Qe1 Qc5 30. Qxh4+ Kd7 31. Qd4 Ke7 32. Qxc5+ Rxc5 33. e4 b4 34. h4 Bc6 35. Rxf7+ Kd8 36. e6 Bxd5 37. exd5 Rxd5 38. Rb7 Rd4 39. g3 Kc8 40. e7 Re4 41. Rxb4 1-0

[Event "AUT Bundesliga 2024-25"]
[Site "Austria"]
[Date "2025.04.05"]
[Round "10.25"]
[White "Saric, Ivan"]
[Black "Dragnev, Valentin"]
[Result "1-0"]
[Annotator "RC"]
[ECO "D02"]
[WhiteElo "2659"]
[BlackElo "2538"]
[PlyCount "81"]
[EventDate "2024.08.28"]
[EventType "team-tourn"]
[EventCountry "AUT"]
[SourceTitle "playchess.com"]
[Source "ChessBase"]
[SourceQuality "1"]
[TimeControl "40/5400+30:1800+30"]

1. Nf3 d5 2. g3 Nc6 3. d4 Bf5 4. Bg2 Nb4 5. Na3 e6 6. O-O Be7 7. c3 Nc6 8. Nc2 Be4 9. Nce1 Nf6 10. Nd3 h6 11. b4 a5 12. b5 Na7 13. a4 b6 14. Qb3 O-O 15. Nfe5 Qc8 16. f3 Bh7 17. c4 c6 18. cxd5 cxd5 19. Bf4 g5 20. Be3 Qb7 21. h4 Nd7 22. hxg5 hxg5 23. f4 f6 24. Nxd7 Qxd7 25. fxg5 fxg5 26. Ne5 Qd6 27. Rac1 Rxf1+ 28. Rxf1 Rf8 29. Rxf8+ Kxf8 30. Qd1 Kg7 31. Qf1 Bf6 32. Qc1 Bf5 33. Bxg5 Bxe5 34. dxe5 Qxe5 35. Bh4 Qxe2 36. Qg5+ Kh7 37. Qe7+ Kh6 38. Bg5+ Kh5 39. Qg7 Bg6 40. Qh6+ Kg4 41. Qh4+ 1-0

[Event "AUT Bundesliga 2024-25"]
[Site "Austria"]
[Date "2025.04.05"]
[Round "10.26"]
[White "Banusz, Tamas"]
[Black "Brkic, Ante"]
[Result "1/2-1/2"]
[Annotator "RC"]
[ECO "D02"]
[WhiteElo "2592"]
[BlackElo "2586"]
[PlyCount "62"]
[EventDate "2024.08.28"]
[EventType "team-tourn"]
[EventCountry "AUT"]
[SourceTitle "playchess.com"]
[Source "ChessBase"]
[SourceQuality "1"]
[TimeControl "40/5400+30:1800+30"]

1. Nf3 d5 2. d4 Nf6 3. Bf4 c5 4. e3 e6 5. c3 Qb6 6. Qb3 Bd7 7. Nbd2 Bc6 8. Be2 Nbd7 9. h3 Be7 10. O-O O-O 11. Rfc1 Rfc8 12. Bh2 h6 13. Rab1 Bf8 14. Qd1 a5 15. a4 Qd8 16. b3 b6 17. Qf1 Bb7 18. Ne5 cxd4 19. exd4 Nxe5 20. Bxe5 Ne4 21. Nxe4 dxe4 22. Rc2 Bd6 23. Bxd6 Qxd6 24. Rd1 Qa3 25. Bc4 Rc7 26. Qe2 Rac8 27. Ra2 Qd6 28. Rc2 Qa3 29. Ra2 Qd6 30. Rc2 Qa3 31. Ra2 Qd6 1/2-1/2

[Event "AUT Bundesliga 2024-25"]
[Site "Austria"]
[Date "2025.04.05"]
[Round "10.27"]
[White "Martinovic, Sasa"]
[Black "Blohberger, Felix"]
[Result "1/2-1/2"]
[Annotator "TA"]
[ECO "D41"]
[WhiteElo "2549"]
[BlackElo "2511"]
[PlyCount "47"]
[EventDate "2024.08.28"]
[EventType "team-tourn"]
[EventCountry "AUT"]
[SourceTitle "playchess.com"]
[Source "ChessBase"]
[SourceQuality "1"]
[TimeControl "40/5400+30:1800+30"]

1. d4 Nf6 2. c4 e6 3. Nf3 d5 4. Nc3 c5 5. cxd5 cxd4 6. Qxd4 exd5 7. e4 {[%emt 0:00:22] D41: Queen's Gambit Declined: Semi-Tarrasch with 5 cxd5.} dxe4 8. Qxd8+ Kxd8 9. Ng5 Be6 10. Nxe6+ fxe6 11. Bg5 Nc6 12. O-O-O+ Ke8 13. Bc4 Ne5 {[%emt 0:01:12] The position is equal.} 14. Bxe6 {[%emt 0:00:21] [#]} Nd3+ 15. Kc2 Nxf2 16. Bxf6 {[%emt 0:00:16] A strong pair of Bishops.} Nxd1 (16... gxf6 17. Rd7 (17. Bd7+ $2 Kf7 $19) 17... Rc8 (17... Nxh1 $2 {is the wrong capture.} 18. Nd5 $18) 18. Rf1 $18 (18. Rxb7 Rxc3+ 19. Kxc3 Nxh1 $17)) 17. Rxd1 gxf6 18. Rd7 {[%emt 0:00:37][%cal Oc3d5] [#] and Nd5! would now be decisive} Rd8 19. Rxb7 Rd6 $1 20. Bc4 Rd4 $5 $146 {[%emt 0:00:00][%mdl 8] New and interesting.} (20... f5 21. Rxa7 Kd8 22. Ra8+ Ke7 23. Ra5 Bh6 24. Nd5+ Kf7 25. Ne3+ Kg6 26. Nxf5 Rd2+ 27. Kc3 Rf2 28. Ne7+ Kf6 29. Nd5+ Kg7 30. Ra7+ Kg6 31. Ra6+ Kg7 32. Ra7+ Kg6 33. Ra6+ Kg7 34. Ra7+ {½-½ Carlsen,M (2847)-So,W (2770) FTX Crypto Cup KO rapid 2021 (3.23)}) 21. Be6 Rd6 22. Bc4 Rd4 23. Be6 Rd6 24. Bc4 {[%emt 0:00:04] Weighted Error Value: White=0.03 (flawless) /Black=0.01 (flawless)   Inaccurate:     	---       	Black=1      OK:         	White=12    	Black=8      Best:        	---       	Black=4      Strong:       	---       	Black=1} 1/2-1/2

[Event "AUT Bundesliga 2024-25"]
[Site "Austria"]
[Date "2025.04.05"]
[Round "10.28"]
[White "Peyrer, Konstantin"]
[Black "Bosiocic, Marin"]
[Result "1-0"]
[Annotator "RC"]
[ECO "D37"]
[WhiteElo "2451"]
[BlackElo "2522"]
[PlyCount "121"]
[EventDate "2024.08.28"]
[EventType "team-tourn"]
[EventCountry "AUT"]
[SourceTitle "playchess.com"]
[Source "ChessBase"]
[SourceQuality "1"]
[TimeControl "40/5400+30:1800+30"]

1. d4 Nf6 2. c4 e6 3. Nc3 d5 4. Nf3 h6 5. g3 Bd6 6. Bg2 Nc6 7. O-O O-O 8. b3 dxc4 9. bxc4 e5 10. d5 Nb4 11. e4 Re8 12. Bb2 Bg4 13. h3 Bh5 14. a3 Na6 15. Qc2 Nd7 16. Nh4 Nb6 17. Na4 Qd7 18. Nxb6 axb6 19. f4 exf4 20. gxf4 Nc5 21. Rae1 Na4 22. Ba1 Bxa3 23. Kh2 Bf8 24. Re3 Nc5 25. Rg3 Qd8 26. Nf5 Bg6 27. e5 Kh7 28. Bd4 Qd7 29. Rxg6 fxg6 30. Nh4 Kg8 31. Qxg6 Qf7 32. Qg4 Ra2 33. f5 Bd6 34. exd6 cxd6 35. f6 Re4 36. Qc8+ Re8 37. Qf5 Ree2 38. fxg7 Qxf5 39. Rxf5 Nd7 40. Rh5 Ne5 41. Bxe5 dxe5 42. Rxh6 Kxg7 43. Rxb6 Rac2 44. Rxb7+ Kf6 45. Rb6+ Kf7 46. Rc6 Re4 47. Kg3 Rc3+ 48. Bf3 Rd4 49. Ng6 e4 50. Ne5+ Kf8 51. Rf6+ Ke7 52. Rf4 Kd6 53. Nf7+ Ke7 54. Ng5 Rcxc4 55. Rxe4+ Kf6 56. d6 Rxe4 57. Nxe4+ Ke5 58. d7 Rd4 59. Nc5 Kf6 60. Bg4 Ke7 61. Nb7 1-0

[Event "AUT Bundesliga 2024-25"]
[Site "Austria"]
[Date "2025.04.05"]
[Round "10.29"]
[White "Livaic, Leon"]
[Black "Froewis, Georg"]
[Result "*"]
[Annotator "TA"]
[ECO "C11"]
[WhiteElo "2536"]
[BlackElo "2429"]
[PlyCount "53"]
[EventDate "2024.08.28"]
[EventType "team-tourn"]
[EventCountry "AUT"]
[SourceTitle "playchess.com"]
[Source "ChessBase"]
[SourceQuality "1"]
[TimeControl "40/5400+30:1800+30"]

1. e4 e6 2. d4 d5 3. Nc3 Nf6 4. e5 Nfd7 5. f4 c5 6. Nf3 Nc6 7. Be3 Be7 8. Qd2 a6 9. Be2 O-O {[%emt 0:00:40] C11: French: Classical System: 4 e5 and 4 Bg5 dxe4.} 10. O-O b5 11. Nd1 f5 {[%emt 0:02:30] The position is equal.} 12. c3 Bb7 13. Nf2 Rc8 $146 (13... h6 14. g4 Qe8 15. gxf5 Rxf5 16. Bd3 Rf8 17. Nd1 Kh8 18. Qg2 Nb6 19. Kh1 cxd4 20. cxd4 {1-0 Murza,A (2239)-Zieba,Z (2270) POL-ch59 sf1 email 2014}) 14. Ng5 Bxg5 15. fxg5 cxd4 (15... Qa5 $11) 16. cxd4 $16 Qa5 17. Qxa5 Nxa5 18. Nd3 Nc4 19. Bc1 Nb8 20. b3 Nc6 {[%emt 0:01:06] [#]} 21. Rf4 Nb6 22. Ba3 Rf7 {[%emt 0:01:00] Black is weak on the dark squares} 23. Kf2 Nd7 (23... Nd8 $16 {might work better.} 24. Bd6 g6) 24. Ke3 $18 Ne7 25. Rff1 a5 26. Bd6 b4 {[%emt 0:05:31] Mistake:       	---       	Black=2      Inaccurate:     	---       	Black=1      OK:         	White=9     	Black=6} 27. Nf4 {[%emt 0:06:57] Weighted Error Value: White=0.03 (flawless) /Black=0.23 (precise)} *

[Event "AUT Bundesliga 2024-25"]
[Site "Austria"]
[Date "2025.04.05"]
[Round "10.30"]
[White "Balint, Peter"]
[Black "Koellner, Ruben Gideon"]
[Result "0-1"]
[Annotator "RC"]
[ECO "C41"]
[WhiteElo "2366"]
[BlackElo "2499"]
[PlyCount "120"]
[EventDate "2024.08.28"]
[EventType "team-tourn"]
[EventCountry "AUT"]
[SourceTitle "playchess.com"]
[Source "ChessBase"]
[SourceQuality "1"]
[TimeControl "40/5400+30:1800+30"]

1. e4 d6 2. d4 Nf6 3. Nc3 e5 4. Nf3 Nbd7 5. Bc4 Be7 6. O-O c6 7. a4 O-O 8. Re1 b6 9. d5 cxd5 10. Bxd5 Nxd5 11. Nxd5 Nf6 12. Nxf6+ Bxf6 13. c4 Be6 14. b3 a6 15. Qd3 Be7 16. Be3 Qc7 17. Nd2 Qb7 18. f3 f5 19. exf5 Bxf5 20. Ne4 b5 21. axb5 axb5 22. Rxa8 Qxa8 23. Rd1 Bg6 24. cxb5 Rd8 25. b6 d5 26. Qb5 dxe4 27. Rxd8+ Qxd8 28. Kf2 Be8 29. Qxe5 Qd6 30. Qxe4 Bc6 31. Qg4 Qd5 32. Bd4 Bf8 33. b4 h5 34. Qf4 Bxb4 35. Qe3 Bd6 36. h4 Qa2+ 37. Kg1 Qb1+ 38. Kf2 Qa2+ 39. Kg1 Bg3 40. Qc1 Qd5 41. Qb2 Bb7 42. Qb4 g6 43. Qc3 Kf7 44. Kh1 Qd8 45. Kg1 Bxh4 46. Qc4+ Qd5 47. Qc7+ Be7 48. Qf4+ Ke6 49. Qe3+ Kd7 50. Qc3 Bd6 51. Qe3 Bg3 52. Qc3 Qf5 53. Qb3 Qd5 54. Qc3 h4 55. Qe3 Qe6 56. Qd2 Qe1+ 57. Qxe1 Bxe1 58. Bf2 Bxf2+ 59. Kxf2 Kc6 60. Ke3 Bc8 0-1

[Event "AUT Bundesliga 2024-25"]
[Site "Austria"]
[Date "2025.04.05"]
[Round "10.31"]
[White "Hodysh, Yuriy"]
[Black "Maghsoodloo, Parham"]
[Result "0-1"]
[Annotator "TA"]
[ECO "D45"]
[WhiteElo "2401"]
[BlackElo "2684"]
[PlyCount "62"]
[EventDate "2024.08.28"]
[EventType "team-tourn"]
[EventCountry "AUT"]
[SourceTitle "playchess.com"]
[Source "ChessBase"]
[SourceQuality "1"]
[TimeControl "40/5400+30:1800+30"]

1. d4 Nf6 2. c4 e6 3. Nf3 d5 4. Nc3 c6 5. e3 a6 6. b3 Bb4 7. Bd2 Nbd7 8. Bd3 {[%emt 0:00:04] D45: Semi-Slav: 5 e3.} dxc4 9. bxc4 e5 {[%emt 0:00:06] [#]} 10. Qc2 {[%emt 0:00:27] White is slightly better.} (10. Nxe5 $2 Nxe5 11. Be2 Ng6 $19) 10... Qe7 11. dxe5 $146 (11. Bf5 exd4 12. Nxd4 g6 13. Bh3 Ne5 14. Bxc8 Rxc8 15. Nb1 O-O 16. O-O c5 17. Nb3 Rfd8 18. Bc1 Nd3 19. Bb2 Ng4 20. Nc3 Qe5 {0-1 Wohlfahrt,H (2376)-Blohberger,F (2410) AUT-ch Rapid 2024 (5)}) 11... Nxe5 12. Nxe5 Qxe5 13. O-O O-O 14. Ne4 Bxd2 15. Nxd2 {[%emt 0:01:37] A sharp opening} Rd8 16. Nf3 Qe7 17. c5 Rd5 18. Rac1 g6 19. Nd4 Rh5 20. Rfe1 Nd7 21. Nb3 Qh4 {[%emt 0:00:25] Black attacks} 22. h3 Ne5 $36 {[%emt 0:00:04][%cal Oc8h3][%mdl 2048] Black is pushing.} 23. Be4 $1 f5 (23... Bxh3 24. gxh3 Rg5+ 25. Bg2 Qxh3 26. f4 Nf3+ 27. Kf1 Nh2+ 28. Kg1 $17) 24. Bd3 {[%emt 0:00:15] Black must now prevent Be2.} f4 (24... Nf3+ $5 25. Kf1 (25. gxf3 Qxh3 26. Qc4+ Kf8) 25... Nxe1 26. Bc4+ Kg7 27. Rxe1 Qf6 $15) 25. exf4 $1 Nf3+ 26. Kf1 (26. gxf3 $11 Qxh3 27. Qc4+ (27. Re8+ Kg7 $11) 27... Kf8 28. Re8+ Kxe8 29. Qg8+ Ke7 30. Qg7+ Ke8 (30... Kd8 $2 31. Qf8+ Kd7 32. Qd6+ Ke8 33. Re1+ $18) 31. Re1+ Be6 32. Qg8+ (32. Qxb7 $2 Qh1#) 32... Ke7 (32... Kd7 33. Qg7+ Ke8 34. Bxg6+ hxg6 35. Qg8+ Ke7 36. Qg7+ Ke8 37. Qg8+ Ke7 38. Qg7+ Kd8 39. Qf8+ Kc7 40. Qd6+ Kc8 41. Qf8+ Kc7 42. Qd6+ Kc8 43. Qf8+ Kc7 $11) 33. Qg7+ (33. Qxa8 $2 Qh1#) 33... Ke8) 26... Bxh3 $17 {[%emt 0:01:17] Black is more active.} 27. Bc4+ $2 {[%emt 0:04:30][%mdl 8192] Now White is beyond hope.} (27. Qc4+ $17 Kf8 28. gxh3 (28. Re3 $2 Bxg2+ 29. Ke2 Rd8 $19) 28... Qxh3+ 29. Ke2) 27... Kg7 $19 28. Qc3+ {[%emt 0:04:45] [#]} Kh6 $1 {[%emt 0:00:10][%cal Oh3g2] ...Bxg2+! is the strong threat.} 29. Be6 (29. Re3 $142 Bxg2+ 30. Ke2 Qxf4 (30... Nh2 31. Nd4 $17) 31. Kd1) 29... Nh2+ ({Inferior is} 29... Nxe1 30. gxh3 (30. Bxh3 Nxg2 31. Bxg2 Qxf4 $11) 30... Qxf4 31. Rxe1 $16 (31. Kxe1 $2 Re5+ 32. Kf1 Rxe6 $19)) 30. Kg1 Bxe6 31. Rxe6 Ng4 {[%emt 0:00:05] Weighted Error Value: White=0.80/Black=0.08 (flawless)   Loses game:     	White=1     	---        Mistake:       	White=2     	---        Inaccurate:     	White=1     	Black=1      OK:         	White=6     	Black=8      Best:        	White=1     	Black=4      Strong:       	White=2     	Black=1} (31... Qxf4 $2 {is the wrong capture.} 32. Rf6 Qe4 33. Qd2+ Rg5 34. f3 $18 (34. Kxh2 $2 Qxg2#)) 0-1

[Event "AUT Bundesliga 2024-25"]
[Site "Austria"]
[Date "2025.04.05"]
[Round "10.32"]
[White "Sarana, Alexey"]
[Black "Vitouch, Anatol"]
[Result "1-0"]
[Annotator "RC"]
[ECO "C43"]
[WhiteElo "2672"]
[BlackElo "2271"]
[PlyCount "147"]
[EventDate "2024.08.28"]
[EventType "team-tourn"]
[EventCountry "AUT"]
[SourceTitle "playchess.com"]
[Source "ChessBase"]
[SourceQuality "1"]
[TimeControl "40/5400+30:1800+30"]

1. e4 e5 2. Nf3 Nf6 3. d4 Nxe4 4. Bd3 Nc6 5. Nxe5 Nxe5 6. dxe5 d5 7. exd6 Nc5 8. dxc7 Nxd3+ 9. cxd3 Qxc7 10. O-O Bd6 11. h3 O-O 12. Nc3 Be6 13. Be3 Rfd8 14. Rc1 Qd7 15. Qf3 Bb4 16. Rfd1 Bxc3 17. bxc3 Bxa2 18. Bd4 Qc6 19. Qg3 Qg6 20. Qxg6 hxg6 21. Ra1 Bb3 22. Rdb1 Bc2 23. Rxb7 a6 24. Bb6 Rxd3 25. c4 Rd1+ 26. Rxd1 Bxd1 27. c5 Rc8 28. Ra7 Be2 29. Bc7 Bb5 30. Bd6 g5 31. Kh2 Rd8 32. Kg3 Rd7 33. Ra8+ Kh7 34. Rb8 Kg6 35. h4 gxh4+ 36. Kxh4 Kf5 37. g4+ Ke6 38. f4 Kd5 39. Ra8 Kc6 40. f5 Kd5 41. Kg5 Bd3 42. Bf8 Rc7 43. Kf4 g6 44. Rd8+ Kc4 45. Bd6 Rc6 46. Rf8 gxf5 47. g5 Kd5 48. Rxf7 Rc8 49. g6 Kc6 50. g7 Bc4 51. Ra7 Kb5 52. Rb7+ Kc6 53. Rb4 Bg8 54. Rb6+ Kd5 55. Rxa6 Re8 56. Bf8 Re6 57. Ra1 Rh6 58. Rd1+ Kc6 59. Rd8 Rg6 60. Kxf5 Bh7 61. Kf4 Rg1 62. Rd6+ Kc7 63. Rh6 Bg8 64. Ra6 Rf1+ 65. Kg3 Rg1+ 66. Kf2 Rg4 67. Bd6+ Kd7 68. Be5 Rc4 69. Rd6+ Ke7 70. Bf6+ Kf7 71. Bd4 Ke7 72. Ke3 Rc2 73. Rb6 Bd5 74. Rb7+ 1-0